 Dungeon Crawl Stone Soup version 0.17.2-1-ge4368a0 (webtiles) character file.

105 Goblin1989 the Insei (level 4, 0/35 HPs)
             Began as a Demonspawn Monk on Aug 18, 2016.
             Succumbed to an adder's poison
             ... on level 3 of the Dungeon.
             The game lasted 00:03:21 (1982 turns).

Goblin1989 the Insei (Demonspawn Monk)              Turns: 1982, Time: 00:03:21

Health: 0/35       AC:  1    Str: 18    XL:     4   Next: 54%
Magic:  4/4        EV: 13    Int: 12    God:
Gold:   86         SH:  0    Dex: 16    Spells: 0 memorised, 3 levels left

rFire  . . .     SeeInvis .       - Unarmed
rCold  . . .     Clarity  .     a - +0 robe
rNeg   . . .     SustAt   .     (no shield)
rPois  .         Gourm    .     (helmet restricted)
rElec  .         Spirit   .     (no cloak)
rCorr  .         Warding  .     (no gloves)
rMut   .         Stasis   .     (no boots)
MR     .....                    (no amulet)
Stlth  ++........               (no ring)
                                (no ring)

@: mighty, lethally poisoned (0 -> -3), not resistant to hostile enchantments,
unstealthy
A: antennae 1, talons 2, deformed body, demonic guardian 1, strong 1
a: no special abilities


You were on level 3 of the Dungeon.
You were not hungry.

You visited 1 branch of the dungeon, and saw 3 of its levels.

You collected 86 gold pieces.

Inventory:

Armour
 a - a +0 robe (worn)
Jewellery
 l - an uncursed ring of ice {unknown}
Scrolls
 e - a scroll of enchant armour {unknown}
 f - 6 scrolls of identify {unknown}
 g - a scroll of remove curse {unknown}
 i - a scroll of magic mapping
 k - a scroll of blinking {unknown}
 m - a scroll of enchant weapon {unknown}
Potions
 d - 3 potions of curing {unknown}
 h - a potion of cure mutation {unknown}
Comestibles
 b - a bread ration
 n - 3 chunks of flesh


   Skills:
 - Level 3.0 Fighting
 - Level 2.6 Dodging
 - Level 1.7 Stealth
 + Level 5.5 Unarmed Combat


You had 3 spell levels left.
You didn't know any spells.

Dungeon Overview and Level Annotations

Branches:
Dungeon (3/15)

Altars:

Portals:
Sewer: D:3


Innate Abilities, Weirdness & Mutations

You have razor-sharp toenails.
A weak demonic guardian rushes to your aid.
You have a pair of small antennae on your head.
Armour fits poorly on your strangely shaped body.
Your muscles are strong. (Str +2)


Message History

You are no longer poisoned.
You take 1 damage, and have 6/35 hp.
Things that are here:
an adder corpse x2
Things that are here:
an adder corpse x2
You closely miss the adder. Your kick misses the adder.
The adder barely misses you. The adder bites you.
* * * LOW HITPOINT WARNING * * *
You are lethally poisoned!
The adder poisons you!
You take 4 damage, and have 3/35 hp.
You barely miss the adder. Your kick misses the adder.
* * * LOW HITPOINT WARNING * * *
You feel sick. The adder bites you.
* * * LOW HITPOINT WARNING * * *
You take 2 damage, and have 1/35 hp.
You punch the adder!
You kill the adder!
You die...

********############
*,,>,,,,........@..#
*,******###..##'##.#
*,* #..#≈≈≈#.# *,*
#$.#≈≈≈#.## *,*
****#..#≈∩≈#..# *,*
*,,....#≈≈≈#..#
##### *,*
*,###..#≈≈≈#..#
#.... *,* *,*
#..#####..# #....
*,* *,* *.........#
#....


There were no monsters in sight!

Vanquished Creatures
  6 adders
  2 giant geckos
  A ball python (D:2)
  9 hobgoblins
  8 jackals (D:1)
  7 kobolds
  8 bats
  2 giant cockroaches
  3 giant newts
  3 goblins (D:2)
  4 rats
53 creatures vanquished.

Notes
Turn   | Place    | Note
--------------------------------------------------------------
     0 | D:1      | Goblin1989 the Demonspawn Monk began the quest for the Orb.
     0 | D:1      | Reached XP level 1. HP: 18/18 MP: 1/1
   418 | D:1      | Reached skill level 4 in Unarmed Combat
   582 | D:1      | Gained mutation: You have sharp toenails. [demonic ancestry]
   582 | D:1      | Reached XP level 2. HP: 24/24 MP: 2/2
  1175 | D:2      | Gained mutation: A weak demonic guardian rushes to your aid. [demonic ancestry]
  1175 | D:2      | Reached XP level 3. HP: 19/29 MP: 3/3
  1925 | D:3      | Reached skill level 5 in Unarmed Combat
  1948 | D:3      | Gained mutation: You have razor-sharp toenails. [demonic ancestry]
  1948 | D:3      | Reached XP level 4. HP: 13/35 MP: 4/4
  1956 | D:3      | Found a glowing drain.
  1960 | D:3      | Gained mutation: Your muscles are strong. (Str +2) [potion of mutation]
  1960 | D:3      | Gained mutation: Armour fits poorly on your strangely shaped body. [potion of mutation]
  1960 | D:3      | Gained mutation: You have a pair of small antennae on your head. [potion of mutation]
  1980 | D:3      | HP: 1/35 [adder (1)]
  1982 | D:3      | Succumbed to an adder's poison

Action                   |  1- 3 |  4- 6 || total
-------------------------+-------+-------++-------
Melee: Unarmed           |   153 |     6 ||   159
  Use: Scroll            |     1 |       ||     1
       Potion            |       |     2 ||     2
 Stab: Sleeping          |     3 |       ||     3
  Eat: Chunk             |     3 |       ||     3
